 Dungeon Crawl Stone Soup version 0.30-a0-219-gf2db51d15e (webtiles) character file.

Game seed: 13049238163750929245

891 IdlyInterested the Chopper (level 7, 0/45 (52) HPs)
             Began as a Demonspawn Reaver on Oct 6, 2022.
             Slain by a wight
             ... wielding a +0 halberd
              (3 damage)
             ... on level 6 of the Dungeon.
             The game lasted 00:17:05 (4620 turns).

IdlyInterested the Chopper (Demonspawn Reaver)      Turns: 4620, Time: 00:17:06

HP:   0/45 (52)     AC: 10    Str: 14    XL:     7   Next: 78%
MP:   13/13         EV: 11    Int: 15    God:
Gold: 251           SH:  0    Dex: 17    Spells: 13/14 levels left

rFire   . . .      SeeInvis +    j - +1 trident (venom)
rCold   . . .      Faith    .    (no shield)
rNeg    . . .      Spirit   .    s - +1 ring mail of the Constellations {Dex+6}
rPois   +          Reflect  .    (no helmet)
rElec   .          Harm     .    n - +0 cloak {rPois}
rCorr   .          Rampage  .    c - +0 pair of gloves
Will    .....                    (no boots)
Stlth   +.........               f - amulet of regeneration
HPRegen 1.07/turn                e - +4 ring of protection
MPRegen 0.13/turn                (no ring)

@: heavily drained
A: hooves 1, demonic guardian 1, see invisible, deformed body, noise suppression
a: no special abilities


You were on level 6 of the Dungeon.
You visited 2 branches of the dungeon, and saw 7 of its levels.

You collected 251 gold pieces.

Inventory:

Hand Weapons
 a - a +0 vorpal hand axe
 h - a +1 antimagic dagger
 j - a +1 trident of venom (weapon)
 l - the +1 sling "Gatiylai" {flame, rPois rCorr Str+4}
   (You found it on level 2 of the Dungeon)

   Any ammunition fired from it burns those it strikes, dealing additional fire
   damage.
   Str:       It affects your strength (+4).
   rPois:     It protects you from poison.
   rCorr:     It protects you from acid and corrosion.
 o - a +0 hammer
 v - a +0 trident
 y - the +3 sling of Weisau {vorpal, rElec Int-3 Dex+3}
   (You found it on level 5 of the Dungeon)

   Any ammunition fired from it inflicts extra damage upon your enemies.
   Int:       It affects your intelligence (-3).
   Dex:       It affects your dexterity (+3).
   rElec:     It insulates you from electricity.
Missiles
 p - 3 poisoned darts
 t - 2 javelins
Armour
 c - a +0 pair of gloves (worn)
 n - a +0 cloak of poison resistance (worn)
 s - the +1 ring mail of the Constellations (worn) {Dex+6}
   (You found it on level 4 of the Dungeon)

   Dex:       It affects your dexterity (+6).
Jewellery
 e - a +4 ring of protection (left hand)
 f - an amulet of regeneration (around neck)
Wands
 b - a wand of polymorph (6)
 m - a wand of quicksilver (11)
 q - a wand of charming (6)
 x - a wand of mindburst (11)
Scrolls
 d - a scroll of amnesia
 r - a scroll of teleportation
 u - 2 scrolls of brand weapon
Potions
 g - a potion of mutation
 i - a potion of magic
 k - 3 potions of brilliance
 w - a potion of degeneration {unknown}


   Skills:
 - Level 3.0 Fighting
 + Level 5.3 Axes
 - Level 2.0 Armour
 - Level 2.0 Dodging
 - Level 4.0 Spellcasting
 - Level 4.0 Conjurations
 + Level 4.2 Necromancy
 - Level 1.0 Evocations


You had 13 spell levels left.
You knew the following spells:

 Your Spells              Type           Power      Damage    Failure   Level
a - Kiss of Death         Conj/Necr      60%        2d10      7%          1

Your spell library contained the following spells:

 Spells                   Type           Power      Damage    Failure   Level
 Magic Dart               Conj           60%        1d6       7%          1
 Searing Ray              Conj           30%        2d5       11%         2
 Momentum Strike          Conj/Tloc      18%        3d8       24%         2
 Static Discharge         Conj/Air       18%        2-3/arc   24%         2
 Cigotuvi's Dreadful Rot  Necr/Pois/Air  14%        N/A       30%         2
 Hailstorm                Conj/Ice       9%         3d4       43%         3
 Poisonous Vapours        Pois/Air       6%         N/A       47%         2
 Mephitic Cloud           Conj/Pois/Air  6%         N/A       54%         3
 Call Canine Familiar     Summ           3%         N/A       71%         3
 Ignite Poison            Fire/Tmut/Pois 3%         N/A       71%         3
 Spider Form              Tmut/Pois      3%         N/A       71%         3
 Vhi's Electric Charge    Tloc/Air       6%         N/A       71%         3
 Fulminant Prism          Conj/Hex       4%         3d6       83%         4
 Sticky Flame             Conj/Fire      9%         2d3       83%         4
 Summon Lightning Spire   Summ/Air       3%         N/A       98%         4
 Arcjolt                  Conj/Air       4%         1d14      99%         5
 Lightning Bolt           Conj/Air       4%         1d16      99%         5
 Summon Cactus Giant      Summ           1%         N/A       100%        6
 Ignition                 Fire           1%         3d3       100%        8
 Chain Lightning          Conj/Air       4%         3d6       100%        9
 Fire Storm               Conj/Fire      4%         8d1       100%        9
 Shatter                  Erth           1%         3d6*      100%        9


Dungeon Overview and Level Annotations

Branches:
Dungeon (6/15)             Temple (1/1) D:5

Altars:
Ashenzari
Cheibriados
Dithmenos
Fedhas
Hepliaklqana
Kikubaaqudgha
Okawaru
Qazlal
Ru
Sif Muna
Trog
Uskayaw
Vehumet
Wu Jian
Xom
Yredelemnul


Innate Abilities, Weirdness & Mutations

You have large cloven feet.
A weak demonic guardian rushes to your aid.
You have supernaturally acute eyesight. (SInv)
Armour fits poorly on your strangely shaped body.
You passively dampen the noise of your surroundings.


Message History

Aim: a wight, wielding a +0 halberd and wearing a +0 robe (moderately damaged, about 38% to evade your +1 trident of venom)
You reach to attack!
You hit the wight.
The wight is moderately damaged.
The wight barely misses you. x2; The wight hits you but does no damage.
The wight closely misses you.
Reach: j) +1 trident (venom)
Press: ? - help, Dir - move target, f/p - wight
Aim: a wight, wielding a +0 halberd and wearing a +0 robe (moderately damaged, about 38% to evade your +1 trident of venom)
You reach to attack!
You hit the wight.
The wight is heavily damaged.
The wight barely misses you. x3; The wight hits you but does no damage.
Reach: j) +1 trident (venom)
Press: ? - help, Dir - move target, f/p - wight
Aim: a wight, wielding a +0 halberd and wearing a +0 robe (heavily damaged, about 38% to evade your +1 trident of venom)
You reach to attack!
You hit the wight but do no damage.
The wight is heavily damaged.
The wight hits you but does no damage. The wight misses you. x2
The wight hits you with a +2 dagger. The wight barely misses you. x2
The wight hits you with a +2 dagger.
* * * LOW HITPOINT WARNING * * *
A demonic guardian appears!
You feel drained.
* * * LOW HITPOINT WARNING * * *
The wight hits you but does no damage.
Reach: j) +1 trident (venom)
Press: ? - help, Dir - move target, f/p - wight
Aim: a wight, wielding a +0 halberd and wearing a +0 robe (heavily damaged, about 38% to evade your +1 trident of venom)
You reach to attack!
You hit the wight.
The wight is severely damaged.
The wight closely misses you. x2; The wight hits you with a +0 falchion!
* * * LOW HITPOINT WARNING * * *
The wight hits you with a +2 dagger.
* * * LOW HITPOINT WARNING * * *
Reach: j) +1 trident (venom)
Press: ? - help, Dir - move target, f/p - wight
Aim: a wight, wielding a +0 halberd and wearing a +0 robe (severely damaged, about 38% to evade your +1 trident of venom)
You reach to attack!
You hit the wight.
The wight is severely damaged.
The wight misses you.
The wight hits you from afar with a +0 halberd.
You die...

##)......
#........
#.......?
#........
#........
#........
#z.......
#@.z.....
......z).5.....
......#z.......
.....##........
#...# #.......|
##.# ##.......
... #...... ..
####..


You could see 4 wights and a friendly white imp (summoned).

Vanquished Creatures
  Eustachio (D:4)
  An ogre (D:4)
  A scorpion (D:5)
  A gnoll bouda (D:4)
  A hound (D:4)
  5 orc priests
  Crazy Yiuf (D:2)
  4 iguanas
  An orc wizard (D:3)
  5 gnolls
  7 adders
  3 dart slugs (D:2)
  7 orcs
  3 ball pythons
  3 bats (D:1)
  6 endoplasms
  5 giant cockroaches
  5 goblins
  9 hobgoblins
  10 jackals
  2 kobolds
  5 quokkas
  3 frilled lizards (D:1)
  7 rats
96 creatures vanquished.

Vanquished Creatures (collateral kills)
  2 orc priests (D:5)
  A gnoll (D:2)
  An orc (D:3)
  A frilled lizard (D:3)
5 creatures vanquished.

Vanquished Creatures (others)
  An orc priest (D:5)
  A fungus (D:1)
2 creatures vanquished.

Grand Total: 103 creatures vanquished

Notes
Turn   | Place    | Note
-------+----------+-------------------------------------------
     0 | D:1      | IdlyInterested the Demonspawn Reaver began the quest for
                  | the Orb.
     0 | D:1      | Reached XP level 1. HP: 16/16 MP: 3/3
   157 | D:1      | Reached skill level 1 in Necromancy
   157 | D:1      | Gained mutation: A weak demonic guardian rushes to your
                  | aid. [demonic ancestry]
   157 | D:1      | Reached XP level 2. HP: 20/22 MP: 5/5
   376 | D:1      | Found a faded altar of an unknown god.
   406 | D:1      | Reached skill level 3 in Axes
   633 | D:1      | Gained mutation: You have large cloven feet. [demonic
                  | ancestry]
   633 | D:1      | Reached XP level 3. HP: 27/27 MP: 6/6
  1114 | D:2      | Identified the +1 sling "Gatiylai" {flame, rPois rCorr
                  | Str+4}
  1458 | D:2      | Reached XP level 4. HP: 18/33 MP: 7/7
  1731 | D:2      | Found a runed translucent door.
  1732 | D:2      | Noticed Crazy Yiuf
  1943 | D:2      | Killed Crazy Yiuf
  2052 | D:3      | Found a shadowy altar of Dithmenos.
  2122 | D:3      | Gained mutation: You occasionally shout uncontrollably at
                  | your foes. [potion of mutation]
  2122 | D:3      | Gained mutation: You passively map a small area around you.
                  | [potion of mutation]
  2136 | D:3      | Reached XP level 5. HP: 24/29 MP: 7/9
  2144 | D:3      | HP: 1/29 [orc/+1 trident of venom (4)]
  2794 | D:4      | Noticed Eustachio
  2813 | D:4      | Killed Eustachio
  2814 | D:4      | Reached skill level 4 in Axes
  2814 | D:4      | Reached XP level 6. HP: 33/46 MP: 10/10
  3077 | D:4      | Identified the +1 ring mail of the Constellations {Dex+6}
  3272 | D:4      | Reached XP level 7. HP: 51/52 MP: 10/12
  3369 | D:4      | Found an ancient bone altar of Kikubaaqudgha.
  3369 | D:4      | Found a sacrificial altar of Ru.
  3378 | D:4      | Found a broken altar of Ashenzari.
  3380 | D:4      | Found an iron altar of Okawaru.
  3382 | D:4      | Found a snail-covered altar of Cheibriados.
  3531 | D:4      | Reached skill level 1 in Armour
  3718 | D:5      | Entered Level 5 of the Dungeon
  3779 | D:4      | Lost mutation: You occasionally shout uncontrollably at
                  | your foes. [potion of mutation]
  3779 | D:4      | Lost mutation: You passively map a small area around you.
                  | [potion of mutation]
  3779 | D:4      | Gained mutation: Armour fits poorly on your strangely
                  | shaped body. [potion of mutation]
  3779 | D:4      | Gained mutation: You passively dampen the noise of your
                  | surroundings. [potion of mutation]
  3779 | D:4      | Gained mutation: You have supernaturally acute eyesight.
                  | (SInv) [potion of mutation]
  3957 | D:5      | Reached skill level 5 in Axes
  3961 | D:5      | Reached skill level 1 in Evocations
  3999 | D:5      | Got the Directory of the Vitriolic Gathering
  4050 | D:5      | Found a staircase to the Ecumenical Temple.
  4307 | D:5      | Found a stormy altar of Qazlal.
  4357 | D:5      | Identified the +3 sling of Weisau {vorpal, rElec Int-3
                  | Dex+3}
  4377 | Temple   | Entered the Ecumenical Temple
  4619 | D:6      | HP: 2/45 [wight/+2 dagger (2)]
  4620 | D:6      | Slain by a wight

Illustrated notes

Levels and vault maps discovered:
D:1:      dpeg_arrival_lava_temple_mockup, layout_basic,
          dreamdust_ecumenical_altar_grove
D:2:      layout_basic, uniq_crazy_yiuf_cottage
D:3:      layout_basic, mainiacjoe_overflow_catwalk
D:4:      layout_gridville, chequers_temple_overflow_minitemple,
          serial_bayou_pond_d, minmay_misc_feat_square, uniq_eustachio
D:5:      layout_basic, overflow_temple_1_default, temple_pool_b,
          minmay_a_box_with_orc_wizards_in_it
D:6:      layout_rooms, mainiacjoe_overflow_24_doors
Temple:   chequers_temple_sunken

Skill      XL: |  1  2  3  4  5  6  7 |
---------------+----------------------+-----
Necromancy     | 1 2 3 4 |  4.2
Axes           | 3 4 5 |  5.3
Spellcasting   | 3 4 |  4.0
Conjurations   | 4 |  4.0
Fighting       | 3 |  3.0
Dodging        | 2 |  2.0
Armour         | 2 |  2.0
Evocations     | 1 |  1.0

Action                   |  1- 3 |  4- 6 |  7- 9 || total
-------------------------+-------+-------+-------++-------
Melee: Hand axe          |   122 |    33 |       ||   155
       Punch             |     1 |     1 |     1 ||     3
       Kick              |    12 |    29 |    17 ||    58
       Trident           |       |   108 |    57 ||   165
 Cast: Kiss of Death     |       |     4 |     1 ||     5
Evoke: Wand              |       |       |     2 ||     2
  Use: Scroll            |     6 |     3 |     1 ||    10
       Potion            |       |     1 |     1 ||     2
 Stab: Distracted        |       |     1 |       ||     1
Armor: Leather armour    |    39 |    11 |       ||    50
       Scale mail        |       |    42 |       ||    42
       Chain mail        |       |     8 |       ||     8
       Ring mail         |       |    41 |    24 ||    65
Dodge: Dodged            |    79 |   110 |    43 ||   232

Table legend: (Time is in decaauts)
 A = Elapsed time spent in this place.
 B = Non-inter-level travel time spent in this place.
 C = Inter-level travel time spent in this place.
 D = Time resting spent in this place.
 E = Time spent auto-exploring this place.
 F = Levels seen in this place.
 G = Mean time per level.
                   A        B        C        D        E       F      G
               +--------+--------+--------+--------+--------+-----+--------+
         Total |   4730 |   4188 |    542 |    200 |   2849 |   7 |  675.7 |
       Dungeon |   4485 |   3943 |    542 |    200 |   2648 |   6 |  747.5 |
        Temple |    245 |    245 |      0 |      0 |    201 |   1 |  245.0 |
               +--------+--------+--------+--------+--------+-----+--------+

Top non-repeatable levels by time:
     D:1: 1140 daAuts
     D:2: 998 daAuts
     D:4: 973 daAuts
     D:3: 770 daAuts
     D:5: 590 daAuts
  Temple: 245 daAuts
     D:6: 12 daAuts
